 Dungeon Crawl Stone Soup version 0.22.1-1-ga44c0e5 (webtiles) character file.

29 yang the Slasher (level 3, 0/27 HPs)
             Began as a Demonspawn Gladiator on Oct 13, 2018.
             Slain by a kobold (1 damage)
             ... on level 2 of the Dungeon.
             The game lasted 00:05:19 (580 turns).

yang the Slasher (Demonspawn Gladiator)              Turns: 580, Time: 00:05:21

Health: 0/27       AC:  8    Str: 15    XL:     3   Next: 1%
Magic:  3/3        EV: 13    Int:  9    God:
Gold:   50         SH:  0    Dex: 14    Spells: 2/2 levels left

rFire    . . .     SeeInvis +   a - +0 long sword
rCold    . . .     Gourm    .   (no shield)
rNeg     . . .     Faith    .   b - +0 leather armour
rPois    .         Spirit   .   c - +1 helmet
rElec    .         Reflect  .   (no cloak)
rCorr    .         Harm     .   (no gloves)
MR       .....     Rnd*Rage +   (no boots)
Stlth    +.........             l - amulet of magic regeneration
HPRegen  0.09/turn              (no ring)
MPRegen  0.33/turn              (no ring)

@: hasted, very quick
A: slimy green scales 2, see invisible, berserk 1, high mp 1
a: no special abilities


You were on level 2 of the Dungeon.
You were not hungry.

You visited 1 branch of the dungeon, and saw 2 of its levels.

You collected 50 gold pieces.

Inventory:

Hand Weapons
 a - a +0 long sword (weapon)
Missiles
 d - 3 throwing nets (quivered)
Armour
 b - a +0 leather armour (worn)
 c - a +1 helmet (worn)
Jewellery
 l - an amulet of magic regeneration (around neck)
Scrolls
 k - a scroll of remove curse
Potions
 g - a potion of brilliance
Comestibles
 f - 3 rations


   Skills:
 + Level 2.1 Fighting
 + Level 3.3 Long Blades
 + Level 1.8 Throwing
 + Level 3.1 Dodging


You had 2 spell levels left.
You didn't know any spells.
Your spell library was empty.

Dungeon Overview and Level Annotations

Branches:
Dungeon (2/15)

Altars:

Annotations:
D:2 Robin


Innate Abilities, Weirdness & Mutations

You are mostly covered in slimy green scales. (AC +3)
You have supernaturally acute eyesight. (SInv)
You tend to lose your temper in combat.
You have an increased reservoir of magic. (+10% MP)


Message History

Robin closely misses you.
You riposte.
You hit Robin.
Robin is lightly wounded.
The kobold barely misses you. The goblin completely misses you.
You closely miss the kobold. The kobold barely misses you.
You riposte.
You hit the kobold but do no damage. The goblin hits you with a club.
* * * LOW HITPOINT WARNING * * *
The kobold closely misses you.
You riposte.
You slash the kobold!
You kill the kobold!
Robin barely misses you. The goblin hits you but does no damage.
You slash the goblin!
You kill the goblin!
You have reached level 3!
Your experience leads to an increase in your attributes!
Increase (S)trength, (I)ntelligence, or (D)exterity?
Uppercase letters only, please.
You feel stronger.
Your demonic ancestry asserts itself...
Slimy green scales spread over more of your body.
A bat comes into view.
The kobold hits you.
You die...

#.g. #...#
#...=
#....###
##......####
##..........#
#.......<...#
##...ggg...#
#####@)####
#..)K#
###....
#.#..#
#.#....
#.#.###.
#.#.# . #...#


You could see Robin, a hobgoblin, a goblin and a kobold.

Vanquished Creatures
  An ooze (D:1)
  A dart slug (D:1)
  A giant cockroach (D:2)
  10 goblins
  A hobgoblin (D:1)
  3 kobolds
  5 rats (D:1)
22 creatures vanquished.

Notes
Turn   | Place    | Note
-------+----------+-------------------------------------------
     0 | D:1      | yang the Demonspawn Gladiator began the quest for the Orb.
     0 | D:1      | Reached XP level 1. HP: 16/16 MP: 1/1
   153 | D:1      | Gained mutation: You are partially covered in slimy green
                  | scales. (AC +2) [demonic ancestry]
   153 | D:1      | Reached XP level 2. HP: 14/22 MP: 2/2
   552 | D:1      | Gained mutation: You occasionally shout uncontrollably at
                  | your foes. [potion of mutation]
   552 | D:1      | Gained mutation: You have supernaturally acute eyesight.
                  | (SInv) [potion of mutation]
   554 | D:1      | Lost mutation: You occasionally shout uncontrollably at
                  | your foes. [potion of mutation]
   554 | D:1      | Gained mutation: You tend to lose your temper in combat.
                  | [potion of mutation]
   554 | D:1      | Gained mutation: You are dopey. (Int -2) [potion of
                  | mutation]
   554 | D:1      | Lost mutation: You are dopey. (Int -2) [potion of mutation]
   554 | D:1      | Gained mutation: You have an increased reservoir of magic.
                  | (+10% MP) [potion of mutation]
   564 | D:2      | Noticed Robin
   579 | D:2      | HP: 1/22 [goblin/club[Robin] (3)]
   580 | D:2      | Gained mutation: You are mostly covered in slimy green
                  | scales. (AC +3) [demonic ancestry]
   580 | D:2      | Reached XP level 3. HP: 1/27 MP: 3/3
   580 | D:2      | Slain by a kobold

Skill      XL: |  1  2 |
---------------+-------+-----
Long Blades    | 3 |  3.3
Dodging        | 3 |  3.1
Fighting       | |  2.1
Throwing       | |  1.8

Action                   || total
-------------------------++-------
Melee: Long sword        ||    38
  Use: Potion            ||     6
       Scroll            ||     3
Armor: Leather armour    ||    12
Dodge: Dodged            ||    40
       Rpst.: Long sword ||    19
